 Dungeon Crawl Stone Soup version 0.23.2-1-ga50397a (webtiles) character file.

Game seed: 7772208443028243583

28 Iscandelvey the Vexing (level 3, 21/26 HPs)
             Began as a Demonspawn Arcane Marksman on Apr 26, 2019.
             Quit the game on level 1 of the Dungeon.
             The game lasted 00:01:09 (731 turns).

Iscandelvey the Vexing (Demonspawn Arcane Marksman)  Turns: 731, Time: 00:01:10

Health: 21/26      AC:  2    Str: 10    XL:     3   Next: 0%
Magic:  4/4        EV: 12    Int: 15    God:
Gold:   39         SH:  0    Dex: 13    Spells: 3/4 levels left

rFire    . . .     SeeInvis .   a - +0 hand crossbow
rCold    . . .     Gourm    .   (no shield)
rNeg     . . .     Faith    .   e - +0 robe
rPois    .         Spirit   .   (no helmet)
rElec    .         Reflect  .   (no cloak)
rCorr    .         Harm     .   (no gloves)
MR       .....                  (no boots)
Stlth    ++........             (no amulet)
HPRegen  0.08/turn              (no ring)
MPRegen  0.09/turn              (no ring)

@: no status effects
A: nightstalker 1
a: no special abilities


You were on level 1 of the Dungeon.
You were not hungry.

You visited 1 branch of the dungeon, and saw 1 of its levels.

You collected 39 gold pieces.

Inventory:

Hand Weapons
 a - a +0 hand crossbow (weapon)
Missiles
 d - 6 bolts (quivered)
Armour
 e - a +0 robe (worn)
Jewellery
 h - an uncursed amulet of regeneration {unknown}
Scrolls
 b - 2 scrolls of noise {unknown}
 c - a scroll of fear {unknown}
 g - a scroll of identify {unknown}
 m - a scroll of remove curse {unknown}
Potions
 i - a potion of flight {unknown}
 k - a potion of haste {unknown}
 l - a potion of agility {unknown}
Comestibles
 f - a ration


   Skills:
 + Level 1.1 Fighting
 + Level 2.5 Crossbows
 + Level 1.8 Dodging
 + Level 1.0 Spellcasting
 + Level 3.5 Hexes


You had 3 spell levels left.
You knew the following spells:

 Your Spells              Type           Power        Failure   Level  Hunger
a - Corona                Hex            ##.....      6%          1    ##.....

Your spell library contained the following spells:

 Spells                   Type           Power        Failure   Level  Hunger
 Slow                     Hex            ##......     9%          2    ###....
 Inner Flame              Hex/Fire       #.......     34%         3    ####...
 Portal Projectile        Hex/Tloc       #.....       34%         3    ####...
 Cause Fear               Hex            ##........   50%         4    #####..
 Leda's Liquefaction      Hex/Erth       #.........   75%         4    #####..


Dungeon Overview and Level Annotations

Branches:
Dungeon (1/15)

Altars:


Innate Abilities, Weirdness & Mutations

You are slightly more attuned to the shadows.


Message History

The bat barely misses you.
There are monsters nearby!
There are monsters nearby!
Firing (i - inventory)
d - 8 bolts (quivered)
Press: ? - help, Shift-Dir - straight line, f/p - bat
Aim: a bat (heavily wounded)
You shoot a bolt.
The bolt completely misses the hobgoblin.
The bolt closely misses the bat.
The bat misses you.
Firing (i - inventory)
d - 7 bolts (quivered)
Press: ? - help, Shift-Dir - straight line, f/p - hobgoblin
Aim: a hobgoblin, wielding a +0 club You shoot a bolt.
The bolt hits the bat!
You kill the bat!
You have reached level 3!
Your experience leads to an increase in your attributes!
Increase (S)trength, (I)ntelligence, or (D)exterity?
You feel clever. The hobgoblin hits you with a +0 club.
Are you sure you want to abandon this character and quit the game? (Confirm with "yes".)

.####>#...# .# #.....#
#####)..#.#### (.((..
.##...###....# ......
.##..#.......# .....(
.......####### ......
.##..### ...... .#...#
########(..... ...###
##......@g....#
..#######..############
..........##
.########## .# ## #


You could see a hobgoblin.

Vanquished Creatures
  6 bats (D:1)
  3 giant cockroaches (D:1)
  2 goblins (D:1)
  4 hobgoblins (D:1)
  2 jackals (D:1)
  2 kobolds (D:1)
  A frilled lizard (D:1)
  6 rats (D:1)
26 creatures vanquished.

Notes
Turn   | Place    | Note
-------+----------+-------------------------------------------
     0 | D:1      | Iscandelvey the Demonspawn Arcane Marksman began the quest
                  | for the Orb.
     0 | D:1      | Reached XP level 1. HP: 15/15 MP: 2/2
   281 | D:1      | Gained mutation: You are slightly more attuned to the
                  | shadows. [demonic ancestry]
   281 | D:1      | Reached XP level 2. HP: 20/21 MP: 3/3
   730 | D:1      | Reached XP level 3. HP: 26/26 MP: 4/4
   731 | D:1      | Quit the game

Skill      XL: |  1 |
---------------+----+-----
Crossbows      | 2 |  2.5
Fighting       | |  1.1
Dodging        | |  1.8
Spellcasting   | |  1.0
Hexes          | |  3.5

Action                   || total
-------------------------++-------
 Fire: Hand crossbow     ||    69
Armor: Robe              ||     5
Dodge: Dodged            ||    29
